 Dungeon Crawl Stone Soup version 0.30.1-8-g117510f58f (webtiles) character file.

Game seed: 8832760199993525652

5624 soggyman666 the Thaumaturge (level 11, -5/65 HPs)
             Began as a Djinni Ice Elementalist on Sept 23, 2023.
             Was an Elder of Elyvilon.
             Slain by Grum
             ... wielding a +1 glaive of freezing
              (15 damage)
             ... on level 11 of the Dungeon.
             The game lasted 00:42:40 (9319 turns).

soggyman666 the Thaumaturge (DjIE)                  Turns: 9319, Time: 00:42:40

Health: -5/65      AC: 13    Str:  7    XL:     11   Next: 3%
Gold:   1413       EV: 14    Int: 21    God:    Elyvilon [****..] SH:  0 Dex: 14

rFire   + + .        E - staff of poison
rCold   x . .        (no shield)
rNeg    . . .        k - +2 robe
rPois   ∞            F - +2 hat
rElec   .            (no cloak)
rCorr   .            f - +2 pair of gloves
SInv    .            (boots unavailable)
Will    +....        g - amulet of regeneration
Stlth   ++           w - +4 ring of protection
HPRegen 1.10/turn    (no ring)
MPRegen 0.00/turn

%: infuse magic (-6 HP)
@: freezing walls, flying
A: sickness immunity, fire resistance 2, cold vulnerability 1, float, innate
caster, HP casting, extra vitality 1
a: Renounce Religion, Purification, Heal Other, Heal Self


You were on level 11 of the Dungeon.
You worshipped Elyvilon.
Elyvilon was greatly pleased with you.
You visited 3 branches of the dungeon, and saw 13 of its levels.

You collected 1533 gold pieces.
You spent 120 gold pieces at shops.

Inventory:

Armour
 f - a +2 pair of gloves (worn)
 k - a +2 robe (worn)
 F - a +2 hat (worn)
Magical Staves
 E - a staff of poison (weapon)
Jewellery
 g - an amulet of regeneration (around neck)
 w - a +4 ring of protection (left hand)
Wands
 e - a wand of flame (56)
 p - a wand of quicksilver (9)
 r - a wand of digging (5)
 y - a wand of paralysis (14)
 A - a wand of polymorph (5)
 C - a wand of roots (2)
 D - a wand of mindburst (9)
Scrolls
 a - a scroll of fog {unknown}
 i - a scroll of silence {unknown}
 j - 2 scrolls of enchant weapon
 l - 2 scrolls of fear
 m - 2 scrolls of brand weapon
 q - a scroll of vulnerability {unknown}
 u - 3 scrolls of teleportation
 x - 3 scrolls of immolation {unknown}
 B - 2 scrolls of poison {unknown}
 I - a scroll of noise {unknown}
Potions
 b - a potion of lignification
 c - 5 potions of cancellation
 d - 2 potions of magic {unknown}
 h - 5 potions of curing {unknown}
 n - 2 potions of brilliance {unknown}
 o - a potion of flight {unknown}
 s - 2 potions of haste
 t - 4 potions of heal wounds
 z - a potion of invisibility {unknown}
 G - 3 potions of mutation {unknown}
 J - a potion of ambrosia {unknown}
 K - a potion of berserk rage {unknown}


   Skills:
 - Level 6.2 Dodging
 - Level 1.7 Stealth
 - Level 0.4 Unarmed Combat
 - Level 11.8 Spellcasting
 - Level 0.1 Invocations


You knew the following spells:

 Your Spells              Type           Power      Damage    Failure   Level
a - Freeze                Ice            100%       1d10      1%          1
b - Frozen Ramparts       Ice            100%       1d16      1%          3
c - Ozocubu's Armour      Ice            58%        N/A       1%          3
d - Summon Ice Beast      Ice/Summ       58%        N/A       1%          4
e - Summon Small Mammal   Summ           100%       N/A       1%          1
f - Wereblood             Tmut           58%        N/A       1%          2
g - Call Imp              Summ           100%       N/A       1%          2
h - Petrify               Tmut/Erth      58%        N/A       1%          4
i - Agony                 Necr           58%        N/A       1%          5
Your spell library was empty.

Dungeon Overview and Level Annotations

Branches:
Dungeon (11/15)            Temple (1/1) D:4            Lair (1/5) D:9
    Orc (0/2) D:9

Altars:
Ashenzari
Cheibriados
Dithmenos
Elyvilon
Fedhas
Gozag
Hepliaklqana
Makhleb
Nemelex Xobeh
Okawaru
Qazlal
Ru
Trog
Uskayaw
Wu Jian
Xom
Yredelemnul
Zin
The Shining One

Shops:
D:9 !

Annotations:
D:11 Grum


Innate Abilities, Weirdness & Mutations

You are immune to sickness and miasma.
You are immune to poison.
Your flesh is very heat resistant. (rF++)
You are vulnerable to cold. (rC-)
You float through the air rather than walking.
You learn spells naturally, not from books.
Your magical power is your life essence.
You have superior vitality. (+4 MHP)


Message History

Aiming: Freeze (safe; 1% risk of failure)
Press: ? - help, Shift-Dir - straight line, f/p - Grum
Aim: Grum, wielding a +1 glaive of freezing and wearing a +2 animal skin (lightly wounded)
You freeze Grum!
Grum is heavily wounded.
The wolf stops to sniff the ground.
The wolf barely misses you.
A centaur comes into view.
The wolf bites you.
An orc wizard comes into view. It is wielding a +0 dagger.
Grum closely misses you.
A centaur comes into view.
Casting: Freeze (safe; 1% risk of failure)
Confirm with . or Enter, or press ? or * to list all spells.
Aiming: Freeze (safe; 1% risk of failure)
Press: ? - help, Shift-Dir - straight line, f/p - Grum
Aim: Grum, wielding a +1 glaive of freezing and wearing a +2 animal skin (heavily wounded)
You freeze Grum.
Grum is heavily wounded.
The orc wizard shouts!
You hear a shout!
The wolf bites you. The wolf barely misses you.
An orc comes into view. It is wielding a +0 short sword.
Grum hits you with a +1 glaive of freezing.
Grum freezes you.
An orc comes into view. It is wielding a +0 short sword.
Casting: Freeze (safe; 1% risk of failure)
Confirm with . or Enter, or press ? or * to list all spells.
You don't know that spell.
Casting: Freeze (safe; 1% risk of failure)
Confirm with . or Enter, or press ? or * to list all spells.
Casting: Frozen Ramparts (safe; 1% risk of failure)
Press: ? - help, Dir - look around, f - activate The walls around you are covered in ice.
The orc shouts!
The wall freezes the wolf! x2; The wall freezes Grum.
Grum points his finger and shouts, "Fido!
Sic 'em!"
Grum hits you with a +1 glaive of freezing!!
* * * LOW HITPOINT WARNING * * *
Grum freezes you!
You die...

.#..##.............
#...............##
..................
#.###...#.......#
.. #.........######
. #..........$....
#...............
#...............
#.≈....h@.≈.≈...
...#..h#g(...#.
#....≈c ..#....
...#... ...o.#.
.≈.c... .≈.≈o..
....≈c≈ ....oo≈
..#.... #...#o.
≈....#. .≈....


You could see Grum, an orc warrior, 2 wolves, 3 centaurs, an orc wizard and 3
orcs.

Vanquished Creatures
  Pikel (D:8)
  Maurice (D:9)
  3 hornets
  Sigmund (D:2)
  2 wyverns
  A steam dragon (D:9)
  2 yaks (Lair:1)
  2 water moccasins (Lair:1)
  An acid dragon (D:9)
  4 orc warriors
  A centaur (D:6)
  2 lemures (D:8)
  A kobold brigand (D:10)
  4 bullfrogs
  2 scorpions (D:4)
  2 wights
  9 killer bees
  4 howler monkeys
  5 jellies
  4 hounds
  8 orc priests
  A sleepcap (D:5)
  2 iguanas (D:6)
  6 orc wizards
  A gnoll (D:1)
  4 adders
  2 ufetubi
  2 dart slugs (D:1)
  37 orcs
  3 endoplasms
  3 giant cockroaches
  4 goblins
  9 hobgoblins
  17 kobolds
  4 quokkas
  7 ball pythons
  6 bats
  6 frilled lizards
  4 rats
178 creatures vanquished.

Vanquished Creatures (collateral kills)
  A troll (D:10)
  6 wights
  2 jellies
  An orc priest (D:5)
  A white imp (D:8)
  An orc (D:5)
12 creatures vanquished.

Grand Total: 190 creatures vanquished

Notes
Turn   | Place    | Note
-------+----------+-------------------------------------------
     0 | D:1      | soggyman666 the Djinni Ice Elementalist began the quest for
                  | the Orb.
     0 | D:1      | soggyman666 set off with the following spells memorised:
                  | Freeze, Frozen Ramparts, Ozocubu's Armour, Summon Ice
                  | Beast.
     0 | D:1      | Reached XP level 1. HP: 15/15 MP: 0/0
    76 | D:1      | Reached XP level 2. HP: 3/21 MP: 0/0
   199 | D:1      | Reached XP level 3. HP: 17/25 MP: 0/0
   199 | D:1      | Learned a level 1 spell: Summon Small Mammal
   282 | D:1      | Reached skill level 4 in Spellcasting
   781 | D:2      | Noticed Sigmund
   790 | D:2      | Killed Sigmund
   791 | D:2      | Reached skill level 5 in Spellcasting
   791 | D:2      | Reached XP level 4. HP: 6/31 MP: 0/0
   791 | D:2      | Reached XP level 5. HP: 6/35 MP: 0/0
   791 | D:2      | Learned a level 2 spell: Wereblood
   791 | D:2      | Reached XP level 6. HP: 7/40 MP: 0/0
  1490 | D:2      | Found a faded altar of an unknown god.
  1782 | D:3      | Found a sacrificial altar of Ru.
  2151 | D:3      | Found a sparkling altar of Nemelex Xobeh.
  2576 | D:4      | Found a staircase to the Ecumenical Temple.
  2582 | Temple   | Entered the Ecumenical Temple
  2821 | Temple   | Became a worshipper of Elyvilon the Healer
  3043 | D:4      | Reached XP level 7. HP: 26/45 MP: 0/0
  3043 | D:4      | Learned a level 2 spell: Call Imp
  3129 | D:4      | Reached skill level 6 in Spellcasting
  3407 | D:4      | Reached * piety under Elyvilon
  3807 | D:5      | Entered Level 5 of the Dungeon
  4075 | D:5      | You are sucked into a shaft and drop 1 floor!
  4090 | D:6      | Reached XP level 8. HP: 50/50 MP: 0/0
  4144 | D:6      | Reached skill level 7 in Spellcasting
  4161 | D:5      | Found a broken altar of Ashenzari.
  4243 | D:5      | Identified the +1 ring mail of Classification {rPois MP+9}
  4284 | D:5      | Identified a scroll of acquirement
  4285 | D:5      | Acquired 835 gold pieces
  4634 | D:6      | Reached ** piety under Elyvilon
  5309 | D:7      | Reached skill level 8 in Spellcasting
  5347 | D:7      | Noticed a hornet
  5352 | D:7      | Killed a hornet
  5353 | D:7      | Reached XP level 9. HP: 34/55 MP: 0/0
  5353 | D:7      | Learned a level 4 spell: Petrify
  5614 | D:7      | Reached skill level 9 in Spellcasting
  5757 | D:7      | Reached *** piety under Elyvilon
  6110 | D:8      | Noticed Pikel
  6114 | D:8      | Killed Pikel
  6115 | D:8      | Reached skill level 5 in Dodging
  6290 | D:8      | Reached XP level 10. HP: 59/60 MP: 0/0
  6293 | D:8      | Reached skill level 10 in Spellcasting
  6393 | D:8      | Found a glowing golden altar of the Shining One.
  6812 | D:9      | Found Onlypro's Distillery.
  6819 | D:9      | Bought a potion of heal wounds for 60 gold pieces
  6854 | D:9      | Found a staircase to the Orcish Mines.
  7358 | D:9      | Found a staircase to the Lair.
  7369 | D:9      | Reached skill level 11 in Spellcasting
  7412 | D:9      | Noticed Maurice
  7424 | D:9      | Paralysed by Maurice for 4 turns
  7481 | D:9      | Found a glowing silver altar of Zin.
  7481 | D:9      | Noticed an angel
  7499 | D:9      | Killed Maurice
  7571 | D:9      | Reached **** piety under Elyvilon
  7819 | D:9      | Bought a potion of heal wounds for 60 gold pieces
  8113 | Lair:1   | Entered Level 1 of the Lair of Beasts
  8229 | Lair:1   | Noticed a torpor snail
  8497 | D:10     | Entered Level 10 of the Dungeon
  8783 | D:10     | Found a hazy altar of Hepliaklqana.
  8830 | D:10     | Elyvilon protects you from harm!
  8830 | D:10     | HP: 3/60 [wight/+4 falchion of freezing (4)]
  9062 | D:10     | HP: 1/60 [troll (11)]
  9064 | D:10     | Reached XP level 11. HP: 28/65 MP: 0/0
  9064 | D:10     | Learned a level 5 spell: Agony
  9311 | D:11     | Noticed Grum
  9319 | D:11     | Slain by Grum

Illustrated notes

Levels and vault maps discovered:
D:1:      lemuel_arrival_muddy, layout_rooms, minmay_pentomino_q4
D:2:      layout_loops_ring, ebering_ecumenical_altar_abandoned,
          kennysheep_cross_bottleneck, uniq_sigmund
D:3:      layout_loops_corners, nicolae_ru_path_of_blood,
          mainiacjoe_overflow_brackets, vehumet_altar_wand_db
D:4:      layout_gridville, minmay_temple_entry_tees
D:5:      layout_loops_ring, lemuel_tele_altar
D:6:      layout_cave_pools
D:7:      layout_basic
D:8:      layout_loops_cross, mainiacjoe_overflow_boulevard, nicolae_wwwww,
          uniq_pikel
D:9:      layout_roguey, zin_angel, lair_entry_dummy, david_orc_1_choice,
          serial_shops, nicolae_shop_hallway_plus,
          ebering_dispersal_statue_hall, uniq_maurice
D:10:     layout_stronghold, nicolae_hepliaklqana_hazy_memory,
          nicolae_trove_entry_columns
D:11:     lemuel_slime, layout_basic, gammafunk_ghost_wrathful_warriors,
          nicolae_kite_square_tiling_tiny, nicolae_kikubaaqudgha_miasma_corner,
          uniq_erica, uniq_grum
Temple:   regret_index_temple_generic_petals
Lair:1:   layout_loops_ring, serial_bayou_shore_a, uniq_amaemon

Skill      XL: |  1  2  3  4  5  6  7  8  9 10 |
---------------+-------------------------------+-----
Spellcasting   | 5 6 8 9 11 | 11.8
Dodging        | 3 4 5 6 |  6.2
Stealth        | |  1.7
Unarmed Combat | |  0.4
Invocations    | |  0.1

Action                     |  1- 3 |  4- 6 |  7- 9 | 10-12 || total
---------------------------+-------+-------+-------+-------++-------
  Melee: Unarmed           |     9 |    11 |    15 |       ||    35
         Staff             |       |       |       |    21 ||    21
   Cast: Freeze            |    37 |    47 |   139 |   124 ||   347
         Frozen Ramparts   |     3 |       |    10 |    28 ||    41
         Ozocubu's Armour  |       |     3 |       |     6 ||     9
         Summon Ice Beast  |       |       |     3 |    14 ||    17
         Petrify           |       |       |       |    17 ||    17
 Invoke: Purification      |       |       |     1 |     1 ||     2
    Use: Scroll            |       |     2 |     7 |    10 ||    19
         Potion            |       |       |       |     2 ||     2
 Armour: Robe              |     7 |     9 |    30 |    70 ||   116
         Skin              |       |       |    17 |       ||    17
  Dodge: Dodged            |    27 |    36 |   109 |   106 ||   278
